 Dungeon Crawl Stone Soup version 0.22-a0-479-gc6e99f3 (webtiles) character file.

102 KristoblXynda the Ruffian (level 4, -2/39 HPs)
             Began as a Troll Wizard on June 14, 2018.
             Slain by an orc wizard
             ... wielding a +0 dagger
              (3 damage)
             ... on level 3 of the Dungeon.
             The game lasted 00:03:43 (1543 turns).

KristoblXynda the Ruffian (Troll Wizard)            Turns: 1543, Time: 00:03:44

Health: -2/39      AC:  5    Str: 15    XL:     4   Next: 50%
Magic:  5/6        EV:  9    Int: 15    God:
Gold:   100        SH:  0    Dex:  8    Spells: 3/7 levels left

rFire    . . .     SeeInvis .     - Unarmed
rCold    . . .     Gourm    +   (no shield)
rNeg     . . .     Faith    .   a - +0 robe
rPois    .         Spirit   .   b - +0 hat
rElec    .         Reflect  .   (no cloak)
rCorr    .         Harm     .   (gloves unavailable)
MR       .....                  (boots unavailable)
Stlth    +.........             (no amulet)
HPRegen  0.53/turn              (no ring)
MPRegen  0.10/turn              (no ring)

@: confused
A: large, unfitting armour, claws 3, fast metabolism 3, gourmand, regeneration
1, shaggy fur 1, tough skin 2
a: no special abilities


You were on level 3 of the Dungeon.
You were completely stuffed.

You visited 1 branch of the dungeon, and saw 3 of its levels.

You collected 100 gold pieces.

Inventory:

Armour
 a - a +0 robe (worn)
 b - a +0 hat (worn)
Wands
 o - a wand of acid (5)
Scrolls
 c - 2 scrolls of amnesia
 e - a scroll of identify
 f - 2 scrolls of blinking {unknown}
 g - a scroll of enchant armour {unknown}
 i - a scroll of fear {unknown}
 k - a scroll of teleportation {unknown}
 n - a scroll of immolation {unknown}
 q - a scroll of remove curse {unknown}
 r - a scroll of magic mapping {unknown}
Potions
 l - 3 potions of flight
 m - a potion of degeneration
 p - a potion of heal wounds
Comestibles
 d - 6 rations
 h - 3 chunks of flesh


   Skills:
 - Level 1.5 Dodging
 - Level 1.0 Stealth
 + Level 2.8 Unarmed Combat
 - Level 2.0 Spellcasting
 + Level 2.3 Conjurations
   Level 0.6 Summonings
   Level 0.6 Translocations


You had 3 spell levels left.
You knew the following spells:

 Your Spells              Type           Power        Failure   Level  Hunger
a - Magic Dart            Conj           #...         9%          1    #......
b - Mephitic Cloud        Conj/Pois/Air  #.......     43%         3    ###....

Your spell library contained the following spells:

 Spells                   Type           Power        Failure   Level  Hunger
 Conjure Flame            Conj/Fire      #.......     38%         3    ###....
 Slow                     Hex            #.......     32%         2    ###....
 Blink                    Tloc           N/A          26%         2    ###....
 Call Imp                 Summ           #.......     26%         2    ###....


Dungeon Overview and Level Annotations

Branches:
Dungeon (3/15)

Altars:
Makhleb


Innate Abilities, Weirdness & Mutations

You are too large for most types of armour.
You have claws for hands.
Your metabolism is lightning-fast.
You like to eat raw meat.
Your natural rate of healing is unusually fast.
You are covered in fur. (AC +1)
You have very tough skin. (AC +2)


Message History

You bump into the rock wall.
The orc hits you but does no damage. Something hits you but does no damage.
The rat bites you but does no damage. The orc hits you with a club.
* * * LOW HITPOINT WARNING * * *
You bump into the rock wall.
The orc barely misses you.
You hear some strange, mumbled words.
A magic dart appears from out of thin air!
The magic dart hits you!
* * * LOW HITPOINT WARNING * * *
The rat bites you but does no damage.
The orc throws a silver tomahawk.
The silver tomahawk hits you.
* * * LOW HITPOINT WARNING * * *
Something hits you but does no damage. The rat bites you but does no damage.
You see here a silver tomahawk.
You're too confused to move!
The orc hits you with a club.
* * * LOW HITPOINT WARNING * * *
The orc throws a silver tomahawk.
The silver tomahawk hits you.
* * * LOW HITPOINT WARNING * * *
Something hits you.
You die...

# # ## #####
.######...#
#........[#
..#####...#########
#.####.......o.or.####
#...........W.o.@....#
.........####"###.##.#
.#.......# #)# .#
...###>..# #.# .# .###
#...# #.. .. .# #...#
#.#. .# .. #.....
....#.# #. #...## #.#
#.# #.#


You could see a phantom, 3 orcs and a rat.

Vanquished Creatures
  3 adders (D:2)
  An ooze (D:1)
  A dart slug (D:2)
  2 leopard geckos
  2 orcs (D:3)
  5 giant cockroaches
  12 goblins
  3 hobgoblins
  4 jackals (D:1)
  9 kobolds
  2 quokkas
  A ball python (D:3)
  4 bats
  6 frilled lizards
  6 rats
61 creatures vanquished.

Notes
Turn   | Place    | Note
-------+----------+-------------------------------------------
     0 | D:1      | KristoblXynda the Troll Wizard began the quest for the Orb.
     0 | D:1      | Reached XP level 1. HP: 16/16 MP: 2/2
    67 | D:1      | Reached skill level 1 in Conjurations
    71 | D:1      | Reached skill level 1 in Unarmed Combat
   108 | D:1      | Reached XP level 2. HP: 24/24 MP: 4/4
   471 | D:1      | Reached XP level 3. HP: 26/31 MP: 5/5
   517 | D:1      | Learned a level 3 spell: Mephitic Cloud
   740 | D:2      | Found a burning altar of Makhleb.
   794 | D:2      | Reached XP level 4. HP: 32/39 MP: 6/6
  1507 | D:3      | Noticed a phantom
  1543 | D:3      | HP: 1/39 [orc/silver tomahawk (1)]
  1543 | D:3      | Slain by an orc wizard

Vault maps used:
D:1:      ebering_trefoil_3fold
D:2:      kennysheep_six_static_rooms, overflow_temple_1_default

Skill      XL: |  1  2  3 |
---------------+----------+-----
Conjurations   | 1 2 |  2.3
Unarmed Combat | 1 2 |  2.8
Dodging        | |  1.5
Stealth        | |  1.0
Spellcasting   | |  2.0
Summonings     | |  0.6
Translocations | |  0.6

Action                   |  1- 3 |  4- 6 || total
-------------------------+-------+-------++-------
Melee: Unarmed           |   135 |    76 ||   211
 Cast: Magic Dart        |       |     3 ||     3
  Use: Scroll            |       |     5 ||     5
 Stab: Sleeping          |     2 |       ||     2
  Eat: Chunk             |    13 |     7 ||    20
Armor: Robe              |    62 |    36 ||    98
Dodge: Dodged            |    77 |    34 ||   111

Table legend:
 A = Spawn XP
 B = Non-spawn XP
 C = Spawn XP percentage of total XP
 D = Spawn monster count
 E = Non-spawn monster count
 F = Spawn count percentage of total count
 G = Total turns spent on level
                    A         B        C        D         E        F      G
               +---------+---------+-------+---------+---------+-------+---------
         Total |       0 |     147 |   0.0 |       0 |      61 |   0.0 |  1543
               +---------+---------+-------+---------+---------+-------+---------
           D:1 |       0 |      44 |   0.0 |       0 |      22 |   0.0 |   519
           D:2 |       0 |      82 |   0.0 |       0 |      27 |   0.0 |   805
           D:3 |       0 |      21 |   0.0 |       0 |      12 |   0.0 |   219
               +---------+---------+-------+---------+---------+-------+---------
